 Dungeon Crawl Stone Soup version 0.32-a0-893-gf85d74f360 (webtiles) character file.

Game seed: 11992790751555668341

2039 0gre the Frost Mage (level 9, -3/65 HPs)
             Began as a Gnoll Ice Elementalist on Apr 3, 2024.
             Was an Initiate of Gozag.
             Killed from afar by a white imp (6 damage)
             ... with a puff of frost
             ... on level 6 of the Dungeon.
             The game lasted 00:26:49 (4675 turns).

0gre the Frost Mage (Gnoll Ice Elementalist)        Turns: 4675, Time: 00:26:49

Health: -3/65      AC:  4    Str:  7    XL:     9   Next: 24%
Magic:  15/18      EV: 14    Int: 16    God:    Gozag
Gold:   584        SH:  0    Dex: 16    Spells: 11/21 levels left

rFire   . . .        a - +0 flail
rCold   . . .        (no shield)
rNeg    . . .        d - +0 robe
rPois   +            q - +0 helmet
rElec   .            (no cloak)
rCorr   .            j - +0 pair of gloves
SInv    .            (no boots)
Will    .....        G - amulet of magic regeneration
Stlth   +++          g - ring of poison resistance
HPRegen 0.30/turn    i - +4 ring of slaying
MPRegen 0.56/turn

%: no passive effects
@: no status effects
A: fangs 1, strong nose, distributed training
a: Renounce Religion, Potion Petition, Call Merchant, Bribe Branch


You were on level 6 of the Dungeon.
You worshipped Gozag.
Gozag was pleased with you.
You visited 2 branches of the dungeon, and saw 7 of its levels.

You collected 652 gold pieces.
You paid 68 gold pieces to Gozag.

Inventory:

Hand Weapons
 a - a +0 flail (weapon)
 b - a +0 sling
 c - a +0 scythe
Missiles
 f - 12 boomerangs
 v - 7 poisoned darts
 B - 4 javelins (quivered)
Armour
 d - a +0 robe (worn)
 j - a +0 pair of gloves (worn)
 q - a +0 helmet (worn)
Jewellery
 g - a ring of poison resistance (left hand)
 i - a +4 ring of slaying (right hand)
 o - a +5 ring of evasion
 G - an amulet of magic regeneration (around neck)
Wands
 p - a wand of polymorph (14)
 A - a wand of flame (15)
Scrolls
 h - 2 scrolls of blinking {unknown}
 k - 2 scrolls of brand weapon {unknown}
 n - a scroll of teleportation {unknown}
 w - a scroll of vulnerability {unknown}
 x - a scroll of torment {unknown}
 y - a scroll of enchant armour {unknown}
 F - a scroll of immolation {unknown}
Potions
 e - a potion of lignification {unknown}
 l - 3 potions of cancellation
 m - a potion of mutation {unknown}
 r - a potion of magic
 s - 5 potions of curing
 t - a potion of ambrosia {unknown}
 C - a potion of haste {unknown}
 D - 2 potions of might


   Skills:
 + Level 4.2 Fighting
 + Level 4.2 Short Blades
 + Level 4.2 Long Blades
 + Level 4.2 Axes
 + Level 4.2 Maces & Flails
 + Level 4.2 Polearms
 + Level 4.2 Staves
 + Level 4.2 Ranged Weapons
 + Level 4.2 Throwing
 + Level 4.2 Armour
 + Level 6.3 Dodging
 + Level 6.0 Stealth
 + Level 4.2 Shields
 + Level 4.2 Unarmed Combat
 + Level 6.6 Spellcasting
 + Level 3.4 Conjurations
 + Level 3.4 Hexes
 + Level 3.4 Summonings
 + Level 3.4 Necromancy
 + Level 3.4 Translocations
 + Level 3.4 Fire Magic
 + Level 8.0 Ice Magic
 + Level 3.4 Air Magic
 + Level 3.4 Earth Magic
 + Level 3.4 Alchemy
 + Level 4.6 Invocations
 + Level 4.2 Evocations
 + Level 3.8 Shapeshifting


You had 11 spell levels left.
You knew the following spells:

 Your Spells              Type           Power      Damage    Failure   Level
a - Freeze                Ice            100%       1d10      1%          1
b - Frozen Ramparts       Ice            60%        1d10      1%          3
c - Summon Ice Beast      Ice/Summ       23%        N/A       3%          3
d - Fugue of the Fallen   Necr           16%        N/A       10%         3

Your spell library contained the following spells:

 Spells                   Type           Power      Damage    Failure   Level
 Ensorcelled Hibernation  Hex/Ice        46%        N/A       1%          2
 Ozocubu's Armour         Ice            30%        N/A       1%          3
 Magic Dart               Conj           64%        1d6       3%          1
 Summon Small Mammal      Summ           64%        N/A       3%          1
 Hailstorm                Conj/Ice       23%        3d7       3%          3
 Blink                    Tloc           32%        N/A       4%          2
 Call Imp                 Summ           32%        N/A       4%          2
 Lesser Beckoning         Tloc           32%        N/A       4%          2
 Momentum Strike          Conj/Tloc      32%        3d8       4%          2
 Call Canine Familiar     Summ           16%        N/A       10%         3
 Anguish                  Hex/Necr       8%         N/A       30%         4
 Summon Blazeheart Golem  Fire/Summ      16%        N/A       30%         4
 Haunt                    Necr/Summ      8%         N/A       100%        7
 Borgnjor's Revivificati  Necr           8%         N/A       100%        8
 Death's Door             Necr           8%         N/A       100%        9


Dungeon Overview and Level Annotations

Branches:
Dungeon (6/15)             Temple (1/1) D:4

Altars:
Ashenzari
Cheibriados
Dithmenos
Elyvilon
Fedhas
Gozag
Hepliaklqana
Kikubaaqudgha
Makhleb
Nemelex Xobeh
Okawaru
Qazlal
Ru
Sif Muna
Trog
Uskayaw
Vehumet
Wu Jian
Xom
Yredelemnul
Zin
The Shining One


Innate Abilities, Weirdness & Mutations

You have very sharp teeth.
Your uncanny sense of smell can sniff out nearby items.
Your experience applies equally to all skills.


Message History

Things that are here:
11 gold pieces; a +0 giant spiked club
Casting: Summon Ice Beast (dangerous; 3% risk of failure)
Confirm with . or Enter, or press ? or * to list all spells.
Casting: Frozen Ramparts (safe; 1% risk of failure)
Press: ? - help, Dir - look around, f - activate The walls around you are covered in ice.
The white imp resists.
The wall freezes the white imp.
The white imp gestures at you.
The puff of frost hits you but does no damage.
You miss the human.
The human is almost dead.
The wall freezes the human.
You kill the human!
The wall freezes the white imp but does no damage.
The white imp hits you. The white imp freezes you.
* * * LOW HITPOINT WARNING * * *
Your Stealth skill increases to level 6!
Your Ice Magic skill increases to level 8!
You feel much better.
The centaur shoots an arrow.
The arrow hits you!
The wall freezes the white imp but does no damage.
The white imp gestures at you. The puff of frost hits you!
* * * LOW HITPOINT WARNING * * *
Casting: Frozen Ramparts (safe; 1% risk of failure)
Confirm with . or Enter, or press ? or * to list all spells.
A chill wind blows around you.
The white imp completely resists.
The wall freezes the white imp but does no damage.
The white imp closely misses you.
The wall freezes the centaur.
The centaur shoots an arrow.
The arrow hits you.
* * * LOW HITPOINT WARNING * * *
The frozen ramparts melt away as you move.
The white imp gestures at you. The puff of frost hits you!
* * * LOW HITPOINT WARNING * * *
The white imp summons a swarm of flies.
The white imp gestures at you. The puff of frost hits you.
You die...
Your body crumbles into a pile of gold.

... #. #.. #.. #.# #..
∆#.# #... ∆#.## ....
##...###.. .....
.........### ....
#..(....@Y.# #..#
##......5#.## #..#
........c$..# #..# #
......####..####..###...
######................#
###.###§.####..#####
........# #)..# #.
#..###..# #..##
#..#####..# #..# #..#


You could see a centaur, a white imp (ally target) and a friendly ice beast
(summoned).

Vanquished Creatures
  A human (D:6)
  3 water moccasins
  An ice beast (D:5)
  2 ogres
  4 scorpions
  A gnoll sergeant (D:5)
  A wight (D:4)
  A bombardier beetle (D:5)
  4 hounds
  2 jellies (D:6)
  5 iguanas
  3 orc wizards (D:5)
  Robin (D:3)
  10 adders
  5 gnolls
  2 ribbon worms
  5 dart slugs
  8 orcs
  6 ball pythons
  3 bats
  7 endoplasms
  3 giant cockroaches
  13 goblins
  12 hobgoblins
  12 jackals
  6 quokkas
  4 frilled lizards
  9 kobolds
  A rat (D:1)
135 creatures vanquished.

Vanquished Creatures (collateral kills)
  Sigmund (D:3)
  A human (D:6)
  A gnoll (D:5)
  An orc (D:5)
  A rat (D:3)
5 creatures vanquished.

Grand Total: 140 creatures vanquished

Notes
Turn   | Place    | Note
-------+----------+-------------------------------------------
     0 | D:1      | 0gre the Gnoll Ice Elementalist began the quest for the
                  | Orb.
     0 | D:1      | Reached XP level 1. HP: 13/13 MP: 6/6
   110 | D:1      | Reached XP level 2. HP: 19/19 MP: 7/7
   569 | D:1      | Reached skill level 5 in Spellcasting
   569 | D:1      | Reached XP level 3. HP: 11/25 MP: 7/9
   879 | D:2      | Reached skill level 1 in Invocations
  1067 | D:2      | Reached skill level 1 in Fighting
  1067 | D:2      | Reached skill level 1 in Short Blades
  1067 | D:2      | Reached skill level 1 in Long Blades
  1067 | D:2      | Reached skill level 1 in Axes
  1067 | D:2      | Reached skill level 1 in Maces & Flails
  1067 | D:2      | Reached skill level 1 in Polearms
  1067 | D:2      | Reached skill level 1 in Staves
  1067 | D:2      | Reached skill level 1 in Ranged Weapons
  1067 | D:2      | Reached skill level 1 in Throwing
  1067 | D:2      | Reached skill level 1 in Armour
  1067 | D:2      | Reached skill level 1 in Shields
  1067 | D:2      | Reached skill level 1 in Unarmed Combat
  1067 | D:2      | Reached skill level 1 in Evocations
  1071 | D:2      | Learned a level 3 spell: Frozen Ramparts
  1354 | D:2      | Reached skill level 1 in Shapeshifting
  1354 | D:2      | Reached XP level 4. HP: 28/32 MP: 11/11
  1542 | D:3      | Noticed Robin
  1547 | D:3      | Killed Robin
  1548 | D:3      | Reached skill level 1 in Conjurations
  1548 | D:3      | Reached skill level 1 in Hexes
  1548 | D:3      | Reached skill level 1 in Summonings
  1548 | D:3      | Reached skill level 1 in Necromancy
  1548 | D:3      | Reached skill level 1 in Translocations
  1548 | D:3      | Reached skill level 1 in Fire Magic
  1548 | D:3      | Reached skill level 1 in Air Magic
  1548 | D:3      | Reached skill level 1 in Earth Magic
  1548 | D:3      | Reached skill level 1 in Alchemy
  1607 | D:3      | Noticed a scorpion
  1612 | D:3      | Killed a scorpion
  1613 | D:3      | Reached XP level 5. HP: 37/37 MP: 8/12
  1617 | D:3      | Learned a level 3 spell: Summon Ice Beast
  1702 | D:3      | Noticed Sigmund
  1709 | D:3      | Killed Sigmund
  1710 | D:3      | Reached skill level 5 in Dodging
  1710 | D:3      | Reached XP level 6. HP: 44/44 MP: 10/14
  2345 | D:4      | Reached XP level 7. HP: 49/50 MP: 11/15
  2574 | D:4      | Found a staircase to the Ecumenical Temple.
  2583 | Temple   | Entered the Ecumenical Temple
  2592 | Temple   | Became a worshipper of Gozag Ym Sagoz the Greedy
  2673 | D:4      | Reached skill level 5 in Stealth
  2832 | D:4      | Reached XP level 8. HP: 44/58 MP: 12/16
  2957 | D:4      | Found a radiant altar of Vehumet.
  2981 | D:4      | Found a shadowy altar of Dithmenos.
  3001 | D:4      | Found a sacrificial altar of Ru.
  3477 | D:4      | Found a glowing golden altar of the Shining One.
  3495 | D:5      | Entered Level 5 of the Dungeon
  4007 | D:5      | Learned a level 3 spell: Fugue of the Fallen
  4322 | D:6      | Reached XP level 9. HP: 59/65 MP: 18/18
  4672 | D:6      | Reached skill level 8 in Ice Magic
  4674 | D:6      | HP: 3/65 [white imp/puff of frost (7)]
  4675 | D:6      | Killed from afar by a white imp

Illustrated notes

Levels and vault maps discovered:
D:1:      spicycebolla_arrival_xxxplode, layout_basic
D:2:      layout_basic, kennysheep_nub
D:3:      layout_loops_ring, uniq_sigmund, uniq_robin
D:4:      layout_loops_ring, nicolae_overflow_quartered_altars,
          minmay_temple_entry_waves, minmay_divided_ellipse
D:5:      layout_rooms, grunt_ministairs_3
D:6:      layout_loops_ring, minmay_ruffians, uniq_jeremiah
Temple:   nicolae_temple_two_arcs

Skill      XL: |  1  2  3  4  5  6  7  8  9 |
---------------+----------------------------+-----
Spellcasting   | 5 6 |  6.6
Invocations    | 1 2 3 4 |  4.6
Fighting       | 1 2 3 4 |  4.2
Short Blades   | 1 2 3 4 |  4.2
Long Blades    | 1 2 3 4 |  4.2
Axes           | 1 2 3 4 |  4.2
Maces & Flails | 1 2 3 4 |  4.2
Polearms       | 1 2 3 4 |  4.2
Staves         | 1 2 3 4 |  4.2
Ranged Weapons | 1 2 3 4 |  4.2
Throwing       | 1 2 3 4 |  4.2
Armour         | 1 2 3 4 |  4.2
Shields        | 1 2 3 4 |  4.2
Unarmed Combat | 1 2 3 4 |  4.2
Evocations     | 1 2 3 4 |  4.2
Shapeshifting  | 1 2 3 |  3.8
Conjurations   | 1 2 3 |  3.4
Hexes          | 1 2 3 |  3.4
Summonings     | 1 2 3 |  3.4
Necromancy     | 1 2 3 |  3.4
Translocations | 1 2 3 |  3.4
Fire Magic     | 1 2 3 |  3.4
Air Magic      | 1 2 3 |  3.4
Earth Magic    | 1 2 3 |  3.4
Alchemy        | 1 2 3 |  3.4
Dodging        | 5 6 |  6.3
Stealth        | 5 6 |  6.0
Ice Magic      | 8 |  8.0

Action                     |  1- 3 |  4- 6 |  7- 9 || total
---------------------------+-------+-------+-------++-------
  Melee: Dagger            |    15 |       |       ||    15
         Short sword       |    68 |    17 |    10 ||    95
         Bite              |     7 |     2 |     6 ||    15
         Flail             |       |       |    77 ||    77
         Halberd           |       |       |     2 ||     2
   Fire: Sling             |       |    31 |    75 ||   106
  Throw: Boomerang         |       |       |     6 ||     6
         Javelin           |       |       |     6 ||     6
   Cast: Freeze            |    12 |       |       ||    12
         Frozen Ramparts   |     1 |     7 |    28 ||    36
         Summon Ice Beast  |       |     1 |    11 ||    12
    Use: Scroll            |       |       |     6 ||     6
         Potion            |       |       |     2 ||     2
   Stab: Sleeping          |     7 |       |     1 ||     8
 Armour: Robe              |    50 |     7 |    65 ||   122
  Dodge: Dodged            |    60 |    15 |    67 ||   142

Table legend: (Time is in decaauts)
 A = Elapsed time spent in this place.
 B = Non-inter-level travel time spent in this place.
 C = Inter-level travel time spent in this place.
 D = Time resting spent in this place.
 E = Time spent auto-exploring this place.
 F = Levels seen in this place.
 G = Mean time per level.
                   A        B        C        D        E       F      G
               +--------+--------+--------+--------+--------+-----+--------+
         Total |   4687 |   4602 |     85 |    152 |   2995 |   7 |  669.6 |
       Dungeon |   4668 |   4583 |     85 |    152 |   2995 |   6 |  778.0 |
        Temple |     18 |     18 |      0 |      0 |      0 |   1 |   18.0 |
               +--------+--------+--------+--------+--------+-----+--------+

Top non-repeatable levels by time:
     D:4: 1183 daAuts
     D:5: 826 daAuts
     D:1: 811 daAuts
     D:3: 776 daAuts
     D:2: 710 daAuts
     D:6: 360 daAuts
  Temple: 18 daAuts
